 Dungeon Crawl Stone Soup version 0.27.0-1-g7a089689b8 (console) character file.

Game seed: 17363786406724176880

26 FIQ the Firebug (level 2, -3/21 HPs)
             Began as a Demonspawn Fire Elementalist on Aug 9, 2021.
             Was a Follower of Vehumet.
             Slain by Sigmund (13 damage)
             ... on level 2 of the Dungeon.
             The game lasted 00:04:54 (1295 turns).

FIQ the Firebug (Demonspawn Fire Elementalist)      Turns: 1295, Time: 00:04:54

Health: -3/21      AC:  2    Str:  8    XL:     2   Next: 89%
Magic:  0/5        EV: 12    Int: 16    God:    Vehumet [*.....]
Gold:   21         SH:  0    Dex: 19    Spells: 4/5 levels left

rFire    . . .     SeeInvis .   c - staff of death
rCold    . . .     Faith    .   (no shield)
rNeg     + . .     Spirit   .   a - +0 robe
rPois    .         Reflect  .   (no helmet)
rElec    .         Harm     .   (no cloak)
rCorr    .         Rampage  .   (no gloves)
Will     .....                  (no boots)
Stlth    ++........             (no amulet)
HPRegen  0.07/turn              h - +6 ring of dexterity
MPRegen  0.09/turn              (no ring)

@: very slightly contaminated
A: talons 1
a: Renounce Religion


You were on level 2 of the Dungeon.
You worshipped Vehumet.
Vehumet was aware of your devotion.
You visited 1 branch of the dungeon, and saw 2 of its levels.

You collected 21 gold pieces.

Inventory:

Armour
 a - a +0 robe (worn)
Magical Staves
 c - a staff of death (weapon)
Jewellery
 h - a +6 ring of dexterity (left hand)
Scrolls
 b - a scroll of identify {unknown}
 d - a scroll of magic mapping {unknown}
 e - a scroll of summoning {unknown}
 f - a scroll of amnesia {unknown}
 g - a scroll of enchant weapon {unknown}


   Skills:
 + Level 1.0 Fighting
 + Level 2.1 Dodging
 - Level 1.7 Stealth
 + Level 2.2 Spellcasting
 + Level 1.4 Conjurations
 + Level 2.9 Fire Magic


You had 4 spell levels left.
You knew the following spells:

 Your Spells              Type           Power      Damage    Failure   Level
a - Foxfire               Conj/Fire      32%        2x1d5     9%          1

Your spell library contained the following spells:

 Spells                   Type           Power      Damage    Failure   Level
 Shock                    Conj/Air       16%        1d4       16%         1
 Conjure Flame            Conj/Fire      8%         6-21      24%         3
 Inner Flame              Hex/Fire       6%         N/A       32%         3
 Sticky Flame             Conj/Fire      8%         2d3       63%         4
 Fireball                 Conj/Fire      4%         3d4       92%         5


Dungeon Overview and Level Annotations

Branches:
Dungeon (2/15)

Altars:
Vehumet

Annotations:
D:2 Sigmund


Innate Abilities, Weirdness & Mutations

You have sharp toenails.


Message History

HP restored.
An endoplasm comes into view.
Found a book of Debilitation.
You conjure some foxfire!
You conjure some foxfire!
The foxfire hits the endoplasm.
The endoplasm is lightly wounded.
You conjure some foxfire!
The foxfire hits the endoplasm.
The endoplasm is moderately wounded.
The foxfire hits the endoplasm.
The endoplasm is heavily wounded.
You conjure some foxfire!
The foxfire hits the endoplasm.
You kill the endoplasm!
Vehumet accepts your kill.
Your Fighting skill increases to level 1!
Your foxfire dissipates! x4
Sigmund the Dreaded comes into view.
He is wielding a +0 scythe.
Sigmund shouts!
You see here a book of Debilitation.
Sigmund is nearby!
Sigmund is nearby!
You conjure some foxfire!
You miscast Foxfire.
You are very lightly contaminated with residual magic.
Nothing appears to happen.
The foxfire hits Sigmund.
Sigmund is lightly wounded.
The foxfire hits Sigmund but does no damage.
Sigmund is lightly wounded.
Sigmund mumbles some strange words.
Sigmund flickers and vanishes!
Deactivating autopickup; reactivate with @.
You conjure some foxfire!
You conjure some foxfire!
The foxfire hits something. x2; Something hits you.
You conjure some foxfire!
The foxfire hits something but does no damage.
The foxfire hits something.
Something hits you!
The foxfire hits something.
The foxfire hits something but does no damage.
Something hits you!
Ouch! That really hurt!
You die...

#.... ##...## .....#
#....# #....# ##
#....# ..
#####....#.#
#......§...# #
#....@.§§..#.#
#.##.....:......#
#.............###
########.#####.......
## #......#.#
#........ .##
#.####.#.# #........
..# #.# #.#.#
#........ ..# #.#
#...# #........ ..#
#.# ##### .......


There were no monsters in sight!

Vanquished Creatures
  A gnoll (D:1)
  3 bats
  3 endoplasms
  2 giant cockroaches (D:1)
  A goblin (D:1)
  3 hobgoblins (D:1)
  A kobold (D:1)
14 creatures vanquished.

Vanquished Creatures (others)
  69 foxfires
  A fungus (D:1)
70 creatures vanquished.

Grand Total: 84 creatures vanquished

Notes
Turn   | Place    | Note
-------+----------+-------------------------------------------
     0 | D:1      | FIQ the Demonspawn Fire Elementalist began the quest for
                  | the Orb.
     0 | D:1      | Reached XP level 1. HP: 13/13 MP: 3/3
   236 | D:1      | Gained mutation: You have sharp toenails. [demonic
                  | ancestry]
   236 | D:1      | Reached XP level 2. HP: 5/20 MP: 1/5
   823 | D:1      | Found a faded altar of an unknown god.
  1157 | D:1      | Became a worshipper of Vehumet
  1157 | D:1      | Reached * piety under Vehumet
  1157 | D:1      | Offered knowledge of Shock by Vehumet.
  1244 | D:2      | Reached skill level 1 in Fighting
  1287 | D:2      | Noticed Sigmund
  1295 | D:2      | Slain by Sigmund

Illustrated notes

Levels and vault maps discovered:
D:1:      lemuel_arrival_behind_the_door_large, layout_basic,
          shapermc_ecumenical_altar_petra
D:2:      layout_basic, uniq_sigmund, uniq_robin

Skill      XL: |  1  2 |
---------------+-------+-----
Dodging        | 2 |  2.1
Fighting       | 1 |  1.0
Stealth        | |  1.7
Spellcasting   | |  2.2
Conjurations   | |  1.4
Fire Magic     | |  2.9

Action                   || total
-------------------------++-------
Melee: Unarmed           ||     5
       Staff             ||     4
       Kick              ||     3
 Cast: Foxfire           ||    36
Armor: Robe              ||     5
Dodge: Dodged            ||    16
